 Dungeon Crawl Stone Soup version 0.21.1-1-g345015f (webtiles) character file.

1539 wojtek the Insei (level 8, -1/61 HPs)
             Began as a Gnoll Transmuter on Mar 24, 2018.
             Slain by a wight
             ... wielding a +3 flail of freezing
              (4 damage)
             ... on level 6 of the Dungeon.
             The game lasted 00:12:43 (8005 turns).

wojtek the Insei (Gnoll Transmuter)                 Turns: 8005, Time: 00:12:44

Health: -1/61      AC:  3    Str: 13    XL:     8   Next: 86%
Magic:  17/17      EV: 13    Int: 18    God:
Gold:   415        SH:  0    Dex: 15    Spells: 15/19 levels left

rFire    . . .     SeeInvis .     - Unarmed
rCold    . . .     Gourm    .   (no shield)
rNeg     . . .     Faith    .   b - +0 robe
rPois    .         Spirit   .   (no helmet)
rElec    .         Reflect  .   (no cloak)
rCorr    .         Harm     .   (no gloves)
MR       .....                  x - +0 pair of boots
Stlth    ++........             (no amulet)
HPRegen  0.20/turn              (no ring)
MPRegen  0.15/turn              (no ring)

@: appendage, heavily drained
A: distributed training, fangs 1, horns 2, strong nose
a: End Transformation


You were on level 6 of the Dungeon.
You were near starving.
You had grown temporary horns.
You visited 1 branch of the dungeon, and saw 6 of its levels.
You also visited: Sewer.

You collected 415 gold pieces.

Inventory:

Hand Weapons
 y - a +2 whip of holy wrath
 H - a +1 dagger of protection
 J - a cursed +2 short sword of freezing
Missiles
 a - 84 arrows
 q - 8 javelins (quivered)
Armour
 b - a +0 robe (worn)
 x - a +0 pair of boots (worn)
Jewellery
 e - an uncursed ring of positive energy {unknown}
 G - an uncursed amulet of the gourmand {unknown}
 I - an uncursed ring of see invisible {unknown}
Wands
 E - a wand of flame (33)
Scrolls
 g - 6 scrolls of teleportation {unknown}
 i - a scroll of immolation {unknown}
 j - 2 scrolls of magic mapping {unknown}
 l - a scroll of blinking {unknown}
 n - a scroll of enchant armour {unknown}
 o - 3 scrolls of remove curse {unknown}
 r - 2 scrolls of random uselessness {unknown}
 s - a scroll of fear {unknown}
 u - 5 scrolls of identify {unknown}
 F - a scroll of brand weapon {unknown}
Potions
 f - 3 potions of curing {unknown}
 h - 2 potions of lignification {unknown}
 m - a potion of invisibility {unknown}
 p - 3 potions of flight
 t - a potion of berserk rage {unknown}
 v - 2 potions of heal wounds
 w - a potion of degeneration {unknown}
 z - 2 potions of haste {unknown}
 A - a potion of brilliance {unknown}
 B - a potion of might {unknown}
 C - 2 potions of mutation {unknown}
 D - a potion of experience {unknown}
Books
 c - a book of Changes

   Spells                             Type                      Level
   a - Beastly Appendage              Transmutation                1
   b - Sticks to Snakes               Transmutation                2
   c - Spider Form                    Transmutation/Poison         3
   d - Ice Form                       Ice/Transmutation            4
   e - Blade Hands                    Transmutation                5
Comestibles
 d - 4 rations


   Skills:
 + Level 4.4(1.9) Fighting
 + Level 3.5(1.1) Short Blades
 + Level 3.5(1.1) Long Blades
 + Level 3.5(1.1) Axes
 + Level 3.5(1.1) Maces & Flails
 + Level 3.5(1.1) Polearms
 + Level 3.5(1.1) Staves
 + Level 3.5(1.1) Slings
 + Level 3.5(1.1) Bows
 + Level 3.5(1.1) Crossbows
 + Level 3.5(1.1) Throwing
 + Level 3.5(1.1) Armour
 + Level 5.9(3.2) Dodging
 + Level 3.5(1.1) Stealth
 + Level 3.5(1.1) Shields
 + Level 7.5(4.7) Unarmed Combat
 + Level 6.2(3.5) Spellcasting
 + Level 2.9(0.5) Conjurations
 + Level 2.9(0.5) Hexes
 + Level 2.9(0.5) Charms
 + Level 2.9(0.5) Summonings
 + Level 2.9(0.5) Necromancy
 + Level 2.9(0.5) Translocations
 + Level 4.8(2.3) Transmutations
 + Level 2.9(0.5) Fire Magic
 + Level 2.9(0.5) Ice Magic
 + Level 2.9(0.5) Air Magic
 + Level 2.9(0.5) Earth Magic
 + Level 2.9(0.5) Poison Magic
 + Level 3.9(1.4) Invocations
 + Level 3.5(1.1) Evocations


You had 15 spell levels left.
You knew the following spells:

 Your Spells              Type           Power        Failure   Level  Hunger
a - Beastly Appendage     Tmut           ##....       6%          1    None
b - Spider Form           Tmut/Pois      #.........   26%         3    ###....


Dungeon Overview and Level Annotations

Branches:
Dungeon (6/15)
 Temple: D:4-7

Altars:
Ashenzari
Dithmenos
Elyvilon
Kikubaaqudgha
Makhleb
Nemelex Xobeh
The Shining One

Shops:
D:4 [   D:6 !


Innate Abilities, Weirdness & Mutations

Your experience applies equally to all skills.
You have very sharp teeth.
Your uncanny sense of smell can sniff out nearby items.
You have a pair of horns on your head.


Message History

* * * LOW HITPOINT WARNING * * *
The wight freezes you.
* * * LOW HITPOINT WARNING * * *
You hit the wight but do no damage.
You headbutt the wight, but do no damage.
The wight is moderately damaged.
You are near starving!
You closely miss the wight. Your headbutt misses the wight.
You bite the wight, but do no damage.
The wight is moderately damaged.
The wight hits you with a flail of freezing.
* * * LOW HITPOINT WARNING * * *
The wight freezes you.
* * * LOW HITPOINT WARNING * * *
You hit the wight but do no damage. Your bite misses the wight.
The wight is moderately damaged.
The wight hits you with a flail of freezing!
* * * LOW HITPOINT WARNING * * *
You feel drained.
You die...

.....#.###.....>.##........#.##
.###.#.##.........#.##.###....##
.# #..............#.##.###.....##
.###.#.##.####....#.##..........#
.....#.##.#####.#.#.............#
##.###.##.........######.##...#.#
.......########.### #.###.##.#
##.##### ##'## #.###.##.# #.#
#########..@## #.##..##.#
#.###.....##...z.## #.##.###.#
#.##..###.#..(....## #..#.# #.#
#.#...###.[....).).####....###.#
#.............[....'.....z......
###....##....).....####....#####
##...##.#.......## ##.#.###
##..##.##.....## #.....#
#.....###...## #.#.#.#


You could see a wight.

Vanquished Creatures
  An orc warrior (D:5)
  An ice beast (D:6)
  3 ogres
  A phantom (D:6)
  2 bullfrogs (D:6)
  A big kobold (Sewer)
  2 scorpions (D:4)
  2 wights (D:5)
  2 crimson imps (D:5)
  A jelly (D:6)
  A bullfrog zombie (D:5)
  2 hounds (D:5)
  3 orc wizards
  2 orc priests
  A centaur skeleton (D:6)
  An iguana (D:6)
  2 worker ants
  A worker ant zombie (D:6)
  7 adders
  3 shadow imps
  An ooze (D:3)
  2 worms
  2 dart slugs
  6 leopard geckos
  10 orcs
  8 giant cockroaches
  7 goblins
  8 hobgoblins
  20 jackals
  4 kobolds
  2 quokkas (D:3)
  5 ball pythons
  5 bats
  3 frilled lizards
  A quokka zombie (D:5)
  13 rats
136 creatures vanquished.

Notes
Turn   | Place    | Note
-------+----------+-------------------------------------------
     0 | D:1      | wojtek the Gnoll Transmuter began the quest for the Orb.
     0 | D:1      | Reached XP level 1. HP: 17/17 MP: 6/6
   297 | D:1      | Reached XP level 2. HP: 19/23 MP: 7/7
  1266 | D:2      | Found an ancient bone altar of Kikubaaqudgha.
  1343 | D:2      | Reached skill level 5 in Spellcasting
  1343 | D:2      | Reached XP level 3. HP: 24/28 MP: 7/9
  1882 | D:3      | Reached skill level 1 in Invocations
  1988 | D:3      | Reached skill level 1 in Short Blades
  1988 | D:3      | Reached skill level 1 in Long Blades
  1988 | D:3      | Reached skill level 1 in Axes
  1988 | D:3      | Reached skill level 1 in Maces & Flails
  1988 | D:3      | Reached skill level 1 in Polearms
  1988 | D:3      | Reached skill level 1 in Staves
  1988 | D:3      | Reached skill level 1 in Slings
  1988 | D:3      | Reached skill level 1 in Bows
  1988 | D:3      | Reached skill level 1 in Crossbows
  1988 | D:3      | Reached skill level 1 in Throwing
  1988 | D:3      | Reached skill level 1 in Armour
  1988 | D:3      | Reached skill level 1 in Stealth
  1988 | D:3      | Reached skill level 1 in Shields
  1988 | D:3      | Reached skill level 1 in Evocations
  2018 | D:3      | Reached XP level 4. HP: 22/34 MP: 11/11
  2117 | D:3      | Found a glowing drain.
  2151 | Sewer    | Entered a sewer
  2369 | Sewer    | Noticed a big kobold
  2390 | Sewer    | Killed a big kobold
  2390 | Sewer    | Reached skill level 1 in Conjurations
  2390 | Sewer    | Reached skill level 1 in Hexes
  2390 | Sewer    | Reached skill level 1 in Charms
  2390 | Sewer    | Reached skill level 1 in Summonings
  2390 | Sewer    | Reached skill level 1 in Necromancy
  2390 | Sewer    | Reached skill level 1 in Translocations
  2390 | Sewer    | Reached skill level 1 in Fire Magic
  2390 | Sewer    | Reached skill level 1 in Ice Magic
  2390 | Sewer    | Reached skill level 1 in Air Magic
  2390 | Sewer    | Reached skill level 1 in Earth Magic
  2390 | Sewer    | Reached skill level 1 in Poison Magic
  2390 | Sewer    | Reached XP level 5. HP: 33/40 MP: 12/12
  2425 | Sewer    | Found a glowing silver altar of Zin.
  2782 | D:3      | Learned a level 3 spell: Spider Form
  2802 | D:3      | Found a glowing golden altar of the Shining One.
  2903 | D:3      | Found a shadowy altar of Dithmenos.
  2905 | D:3      | Found a sparkling altar of Nemelex Xobeh.
  2995 | D:3      | Found a shattered altar of Ashenzari.
  3201 | D:4      | Found Qaothut's Antique Armour Shoppe.
  3266 | D:4      | Reached XP level 6. HP: 39/47 MP: 13/13
  3476 | D:4      | Reached skill level 5 in Dodging
  3552 | D:4      | Found a burning altar of Makhleb.
  4186 | D:5      | Entered Level 5 of the Dungeon
  4186 | D:5      | Noticed an ice beast
  4363 | D:5      | Reached XP level 7. HP: 52/52 MP: 15/15
  4519 | D:5      | Reached skill level 7 in Unarmed Combat
  4951 | D:5      | HP: 1/52 [ogre/giant club (20)]
  5453 | D:5      | Found a white marble altar of Elyvilon.
  5826 | D:6      | Reached XP level 8. HP: 31/60 MP: 16/16
  6025 | D:6      | Found Aposhu's Distillery.
  8005 | D:6      | HP: 3/61 [wight/flail of freezing (9)]
  8005 | D:6      | Slain by a wight

Skill      XL: |  1  2  3  4  5  6  7  8 |
---------------+-------------------------+-----
Spellcasting   | 5 6 |  6.2
Invocations    | 1 2 3 |  3.9
Short Blades   | 1 2 3 |  3.5
Long Blades    | 1 2 3 |  3.5
Axes           | 1 2 3 |  3.5
Maces & Flails | 1 2 3 |  3.5
Polearms       | 1 2 3 |  3.5
Staves         | 1 2 3 |  3.5
Slings         | 1 2 3 |  3.5
Bows           | 1 2 3 |  3.5
Crossbows      | 1 2 3 |  3.5
Throwing       | 1 2 3 |  3.5
Armour         | 1 2 3 |  3.5
Stealth        | 1 2 3 |  3.5
Shields        | 1 2 3 |  3.5
Evocations     | 1 2 3 |  3.5
Conjurations   | 1 2 |  2.9
Hexes          | 1 2 |  2.9
Charms         | 1 2 |  2.9
Summonings     | 1 2 |  2.9
Necromancy     | 1 2 |  2.9
Translocations | 1 2 |  2.9
Fire Magic     | 1 2 |  2.9
Ice Magic      | 1 2 |  2.9
Air Magic      | 1 2 |  2.9
Earth Magic    | 1 2 |  2.9
Poison Magic   | 1 2 |  2.9
Fighting       | 3 4 |  4.4
Transmutations | 4 |  4.8
Dodging        | 5 |  5.9
Unarmed Combat | 7 |  7.5

Action                   |  1- 3 |  4- 6 |  7- 9 || total
-------------------------+-------+-------+-------++-------
Melee: Unarmed           |   104 |   168 |   242 ||   514
       Bite              |     7 |    23 |    40 ||    70
       Punch             |     2 |     6 |     9 ||    17
       Headbutt          |       |     9 |    43 ||    52
 Cast: Beastly Appendage |       |     7 |    24 ||    31
  Use: Potion            |       |     2 |       ||     2
 Stab: Sleeping          |     1 |     2 |     3 ||     6
       Distracted        |       |     1 |       ||     1
  Eat: Chunk             |     3 |     7 |    11 ||    21
Armor: Robe              |    16 |    17 |    22 ||    55
Dodge: Dodged            |    64 |   102 |   149 ||   315
